Map: Pendiente de Agustín EE

Players

TATORREA

  • Race: Protoss Protoss
  • League: Silver
  • Spawn Location: 6:00

tigro

  • Race: Terran Terran
  • League: Bronze
  • Spawn Location: 5:00

MrFercho

  • Race: Zerg Zerg
  • League: Silver
  • Spawn Location: 6:00

CommanderJ - Winner!

  • Race: Protoss Protoss
  • League: Gold
  • Spawn Location: 11:00

XVIIMidgets - Winner!

  • Race: Protoss Protoss
  • League: Platinum
  • Spawn Location: 12:00

Magnus - Winner!

  • Race: Terran Terran
  • League: Gold
  • Spawn Location: 12:00

VOD

Have the link to the VOD?

Description

Time

  • Played on: June 3, 2020, 10:33 p.m.
  • Length: 15:45
Show
View Real Time Build Order
Export as new Build Order

TATORREA Protoss 

Build Orders:  

Get SALT Encoding   

  12  0:03  Probe  
  13  0:33  Pylon  
  13  0:41  Probe  
  14  1:03  Probe  
  15  1:06  Forge  
  15  1:09  Gateway  
  15  1:17  Pylon  
  15  1:46  Photon Cannon  
  15  1:53  Probe  
  15  2:05  Probe  
  16  2:17  Probe  
  17  2:38  Photon Cannon  
  17  2:40  Photon Cannon  
  17  2:42  Pylon  
  17  2:46  Cybernetics Core  
  17  2:48  Photon Cannon  
  17  2:49  Pylon  
  17  2:50  Pylon  
  17  2:55  Photon Cannon  
  17  2:58  Photon Cannon  
  17  3:00  Assimilator  
  17  3:07  Probe  
  18  3:18  Photon Cannon  
  18  3:21  Pylon  
  18  3:27  Photon Cannon  
  18  3:38  Probe  
  19  3:45  Assimilator  
  19  3:50  Probe  
  20  4:01  Pylon  
  20  4:02  Probe  
  21  4:04  Pylon  
  21  4:14  Probe  
  22  4:23  Photon Cannon  
  22  4:25  Photon Cannon  
  22  4:29  Pylon  
  22  4:42  Gateway  
  22  4:44  Gateway  
  22  5:01  Probe  
  23  5:20  Shield Battery  
  23  5:21  Shield Battery  
  23  5:41  Photon Cannon  
  23  5:42  Photon Cannon  
  23  5:50  Pylon  
  23  5:58  Pylon  
  23  6:02  Photon Cannon  
  23  6:11  Photon Cannon  
  23  6:15  Photon Cannon  
  23  6:19  Photon Cannon  
  23  6:21  Photon Cannon  
  23  6:40  Forge  
  23  6:43  Zealot x2  
  27  7:17  Zealot x2  
  27  7:21  Pylon  
  31  7:41  Photon Cannon  
  31  7:43  Photon Cannon  
  31  7:45  Photon Cannon x2  
  31  7:48  Pylon  
  31  7:58  Zealot x2  
  35  8:20  Photon Cannon  
  35  8:22  Photon Cannon  
  35  8:24  Photon Cannon  
  35  8:43  Pylon  
  31  9:21  Photon Cannon  
  31  9:23  Photon Cannon  
  27  9:25  Photon Cannon  
  27  9:37  Zealot x2  
  31  10:06  Pylon  
  31  10:13  Pylon  
  31  10:33  Photon Cannon  
  31  10:35  Photon Cannon  
  31  10:36  Photon Cannon  
  31  10:41  Photon Cannon  
  31  10:44  Photon Cannon  
  31  10:46  Photon Cannon  
  31  11:00  Pylon  
  31  11:20  Photon Cannon  
  31  11:23  Photon Cannon  
  31  11:24  Photon Cannon  
  9  12:05  Pylon  
  9  13:24  Photon Cannon  
  9  13:26  Photon Cannon  
Show
View Real Time Build Order
Export as new Build Order

tigro Terran 

Build Orders:  

Get SALT Encoding   

  12  0:03  SCV  
  13  0:15  SCV  
  14  0:27  Supply Depot  
  14  0:29  SCV  
  15  0:38  Refinery  
  15  0:49  SCV  
  16  0:55  Barracks  
  16  1:01  SCV  
  17  1:12  Refinery  
  17  1:13  SCV  
  18  1:25  SCV  
  19  1:33  Supply Depot  
  19  1:38  SCV  
  20  1:46  Marine  
  21  1:50  SCV  
  22  2:01  Barracks  
  22  2:04  Marine  
  23  2:16  Factory  
  23  2:17  SCV  
  23  2:21  Marine  
  25  2:29  SCV  
  26  2:39  Marine  
  27  2:50  Barracks Tech Lab  
  27  2:52  Engineering Bay  
  27  2:56  SCV  
  27  2:57  Marine  
  29  3:02  Factory Tech Lab  
  29  3:19  Barracks Tech Lab  
  29  3:21  Combat Shield  
  29  3:26  Orbital Command  
  29  3:42  Stimpack  
  29  3:45  Marine  
  29  3:48  Marine  
  31  3:59  Terran Infantry Weapons Level 1, Siege Tank  
  34  4:03  Marine  
  34  4:06  Marine  
  36  4:21  Marine  
  34  4:39  Concussive Shells  
  32  5:14  Starport  
  32  5:15  Command Center  
  32  5:17  Marine x2  
  33  5:35  Marine x2  
  35  5:53  Marine  
  28  6:03  Marauder  
  30  6:06  Terran Infantry Armor Level 1  
  30  6:11  Marauder  
  32  6:24  Marauder  
  34  6:32  Marauder  
  31  6:40  Medivac  
  31  6:46  Marauder  
  35  6:54  Marauder  
  37  6:59  Command Center  
  37  7:07  Marauder  
  39  7:15  Marauder  
  33  7:20  Siege Tank  
  32  7:29  Marauder  
  26  7:36  Marauder  
  10  7:46  Starport Tech Lab  
  4  8:04  Marine  
  2  8:33  Planetary Fortress  
  1  9:13  SCV  
  2  9:26  SCV  
  3  9:38  SCV  
  4  9:50  SCV  
  5  10:01  Supply Depot  
  5  10:02  SCV  
  6  10:08  Refinery  
  6  10:14  SCV  
  7  10:26  SCV  
  8  10:38  SCV  
  9  10:50  SCV  
  9  10:56  Barracks  
  10  11:02  SCV  
  11  11:14  SCV  
  12  11:21  Refinery  
  12  11:27  SCV  
  13  11:37  Supply Depot  
  13  11:44  SCV  
  14  11:50  Barracks Reactor  
  14  11:56  SCV  
  15  12:09  SCV  
  15  12:10  Barracks  
  16  12:37  Marine x2  
  18  12:55  Marine x2  
Show
View Real Time Build Order
Export as new Build Order

MrFercho Zerg 

Build Orders: Pool First 

Get SALT Encoding   

  12  0:02  Drone  
  13  0:09  Drone  
  14  0:29  Spawning Pool  
  14  0:30  Drone  
  14  0:37  Overlord  
  14  0:49  Extractor  
  13  0:51  Drone  
  14  1:02  Drone x2  
  16  1:11  Drone  
  17  1:18  Drone  
  18  1:35  Drone  
  18  1:39  Hatchery  
  18  1:50  Extractor  
  18  1:51  Zergling x4  
  19  1:56  Metabolic Boost  
  19  1:58  Queen  
  21  2:30  Hatchery  
  21  2:33  Drone x2  
  21  2:34  Overlord  
  22  2:48  Evolution Chamber  
  21  3:00  Lair  
  21  3:04  Drone x2  
  23  3:23  Zergling x10  
  27  3:57  Zergling x2  
  27  3:58  Zergling x10  
  33  4:19  Zerg Melee Weapons Level 1  
  28  5:31  Zergling x8  
  28  5:32  Zergling x6  
  30  5:52  Roach Warren  
  29  5:57  Queen  
  29  5:58  Drone  
  32  6:15  Baneling Nest  
  31  6:26  Drone x3  
  31  6:32  Roach x2  
  33  7:07  Roach  
  33  7:08  Roach x5  
  42  7:22  Spine Crawler  
  41  7:23  Drone  
  41  7:24  Overlord  
  42  8:11  Zergling x2  
  42  8:12  Zergling x14  
  30  8:50  Zergling x14  
  30  8:51  Zergling x4  
  35  9:04  Spine Crawler  
  35  9:07  Drone  
  35  9:13  Baneling  
  35  9:14  Baneling x11  
  35  9:16  Baneling x3  
  35  9:17  Baneling x3  
  30  9:34  Centrifical Hooks  
  24  9:59  Zergling x2  
  25  10:00  Zergling x10  
  26  10:25  Baneling  
  26  10:26  Baneling x11  
  25  11:02  Roach x2  
  25  11:03  Roach x4  
  8  11:48  Zergling x2  
  8  11:49  Zergling x8  
  1  12:26  Drone  
  1  12:27  Drone x2  
  1  12:56  Drone  
Show
View Real Time Build Order
Export as new Build Order

CommanderJ Protoss - Winner!

Build Orders:  

Get SALT Encoding   

  12  0:01  Probe  
  13  0:13  Probe  
  14  0:18  Pylon  
  14  0:25  Probe  
  15  0:37  Probe  
  15  0:40  Gateway  
  16  0:49  Probe  
  17  0:59  Assimilator  
  17  1:01  Probe  
  17  1:02  Gateway  
  18  1:13  Probe  
  20  1:25  Probe  
  20  1:33  Zealot, Cybernetics Core  
  20  1:37  Probe  
  23  2:03  Pylon  
  23  2:14  Nexus  
  23  2:21  Probe  
  22  2:30  Pylon  
  22  2:36  Zealot x2 (Chrono Boost)  
  26  2:48  Probe  
  27  2:52  Assimilator  
  27  2:55  Zealot x2  
  31  3:00  Probe  
  32  3:12  Gateway  
  32  3:13  Probe  
  33  3:24  Stalker (Chrono Boost)  
  33  3:25  Sentry (Chrono Boost)  
  37  3:33  Probe (Chrono Boost)  
  38  3:42  Zealot  
  38  3:45  Probe (Chrono Boost), Zealot  
  41  3:50  Probe (Chrono Boost)  
  42  3:59  Probe  
  42  4:01  Stalker  
  45  4:09  Stalker  
  47  4:11  Probe  
  48  4:23  Probe  
  49  4:30  Zealot  
  51  4:31  Stalker  
  51  4:36  Twilight Council  
  53  4:40  Forge  
  53  4:43  Assimilator, Probe (Chrono Boost)  
  54  5:07  Probe  
  51  5:19  Probe  
  52  5:23  Probe  
  53  5:31  Probe, Zealot  
  53  5:33  Pylon  
  53  5:34  Zealot  
  54  5:36  Pylon  
  54  5:37  Probe  
  54  5:39  Assimilator, Zealot  
  53  5:43  Probe  
  54  5:51  Probe  
  54  5:55  Probe  
  56  6:03  Probe  
  57  6:08  Probe  
  58  6:15  Probe  
  59  6:27  Probe  
  59  6:29  Pylon  
  60  6:32  Stalker  
  60  6:33  Stalker x2  
  66  6:42  Nexus  
  66  7:02  Stalker  
  66  7:04  Pylon  
  66  7:05  Pylon  
  66  7:12  Pylon  
  66  7:30  Gateway  
  66  7:32  Gateway, Warp Gate (Chrono Boost)  
  66  7:43  Pylon x2  
  70  8:17  Stalker x2 (Chrono Boost)  
  70  8:19  Stalker x3 (Chrono Boost)  
  66  8:40  Zealot x2 (Chrono Boost)  
  66  8:49  Stalker (Chrono Boost)  
  66  8:52  Probe  
  66  8:54  Stalker (Chrono Boost), Probe, Zealot (Chrono Boost)  
  68  8:58  Sentry (Chrono Boost), Zealot (Chrono Boost)  
  71  9:04  Probe  
  71  9:06  Probe  
  70  9:12  Sentry  
  70  9:16  Probe  
  66  9:18  Probe  
  65  9:28  Probe  
  65  9:30  Probe  
  67  9:40  Probe  
  68  9:58  Nexus  
  68  10:00  Pylon  
  68  10:01  Pylon  
  68  10:03  Gateway, Pylon  
  68  10:04  Gateway, Stargate x2  
  68  10:08  Assimilator x2  
  66  10:39  Stalker x4  
  74  10:43  Twilight Council  
  74  10:45  Forge  
  72  10:50  Phoenix x2  
  64  11:23  Phoenix x2  
  64  11:32  Probe (Chrono Boost)  
  69  11:38  Probe x2 (Chrono Boost)  
  69  11:39  Stalker  
  73  11:40  Zealot x4  
  73  11:41  Zealot x2  
  73  11:43  Probe (Chrono Boost)  
  88  11:47  Probe x3 (Chrono Boost)  
  87  11:57  Probe x2  
  87  11:58  Probe  
  87  12:09  Probe x2  
  87  12:10  Probe  
  83  12:16  Photon Cannon  
  83  12:19  Photon Cannon  
  83  12:21  Photon Cannon, Probe  
  76  12:23  Photon Cannon  
  76  12:28  Photon Cannon  
  76  12:32  Photon Cannon  
  76  12:40  Protoss Ground Weapons Level 1  
  76  12:48  Zealot x6  
  76  12:49  Zealot  
  76  12:50  Charge (Chrono Boost)  
  80  13:33  Void Ray  
  83  14:13  Nexus  
  83  14:14  Nexus  
  83  14:28  Assimilator  
  83  14:30  Assimilator  
  83  14:57  Fleet Beacon  
Show
View Real Time Build Order
Export as new Build Order

XVIIMidgets Protoss - Winner!

Build Orders:  

Get SALT Encoding   

  12  0:01  Probe  
  13  0:16  Probe  
  14  0:27  Pylon  
  14  0:32  Probe (Chrono Boost)  
  15  0:40  Assimilator  
  15  0:45  Probe (Chrono Boost)  
  15  0:47  Gateway  
  16  0:53  Probe (Chrono Boost)  
  17  1:06  Probe  
  18  1:18  Probe  
  19  1:35  Zealot  
  19  1:39  Probe  
  22  2:25  Pylon  
  22  2:27  Pylon  
  22  2:41  Cybernetics Core  
  22  2:43  Zealot  
  24  2:45  Nexus  
  24  2:52  Assimilator  
  24  2:56  Assimilator  
  24  3:18  Stalker  
  26  3:48  Stalker  
  28  4:02  Gateway  
  28  4:04  Gateway  
  28  4:12  Shield Battery  
  28  4:14  Shield Battery  
  28  4:17  Shield Battery  
  28  4:18  Stalker  
  22  4:44  Pylon  
  12  4:47  Pylon x2  
  12  4:49  Pylon  
  10  4:53  Pylon  
  14  5:25  Probe  
  15  5:37  Probe  
  16  6:01  Probe  
  17  6:22  Probe (Chrono Boost)  
  18  6:43  Pylon  
  18  6:46  Pylon  
  17  6:47  Probe (Chrono Boost)  
  17  6:57  Probe (Chrono Boost)  
  18  7:02  Probe (Chrono Boost)  
  18  7:04  Gateway  
  18  7:06  Gateway  
  19  7:13  Probe  
  18  7:25  Probe  
  19  7:32  Pylon  
  19  7:33  Pylon  
  19  7:35  Pylon  
  19  7:37  Probe  
  19  7:43  Forge  
  20  7:49  Probe (Chrono Boost)  
  19  8:04  Cybernetics Core  
  19  8:09  Pylon  
  19  8:12  Pylon  
  19  8:22  Photon Cannon  
  19  8:33  Photon Cannon  
  19  8:42  Warp Gate  
  19  8:52  Probe (Chrono Boost)  
  21  9:03  Probe (Chrono Boost)  
  21  9:10  Probe (Chrono Boost)  
  22  9:22  Probe (Chrono Boost)  
  23  9:31  Probe (Chrono Boost)  
  24  9:36  Probe  
  24  9:37  Stalker  
  27  9:40  Stalker  
  29  9:48  Probe  
  30  10:16  Nexus  
  30  10:39  Pylon  
  30  10:41  Pylon  
  30  10:42  Pylon  
  30  10:45  Pylon  
  30  10:57  Stargate  
  30  11:01  Probe (Chrono Boost)  
  32  11:11  Probe (Chrono Boost)  
  32  11:15  Stalker x2  
  36  11:38  Pylon, Probe  
  36  11:39  Protoss Air Weapons Level 1  
  37  11:49  Probe  
  38  11:57  Assimilator  
  39  12:01  Probe (Chrono Boost)  
  39  12:05  Stalker  
  41  12:13  Probe (Chrono Boost)  
  42  12:21  Probe (Chrono Boost)  
  43  12:22  Stalker  
  43  12:27  Probe  
  46  12:31  Twilight Council  
  46  12:39  Probe  
  47  12:49  Stalker x2  
  51  12:52  Probe (Chrono Boost)  
  52  13:02  Probe (Chrono Boost)  
  53  13:06  Probe (Chrono Boost)  
  53  13:10  Void Ray  
  58  13:18  Probe  
  59  13:21  Stargate  
  59  13:27  Stargate  
  59  13:30  Probe, Stargate  
  60  13:42  Probe (Chrono Boost)  
  61  13:51  Assimilator  
  61  13:54  Probe (Chrono Boost)  
  62  13:59  Probe (Chrono Boost)  
  63  14:08  Probe  
  64  14:15  Stalker x2  
  68  14:20  Probe  
  69  14:33  Probe  
  70  14:45  Probe  
  71  14:48  Stalker  
  71  14:49  Stalker  
  75  14:56  Void Ray x2  
  75  14:57  Probe  
  84  15:09  Probe  
  84  15:12  Stalker  
  84  15:13  Stalker  
  90  15:21  Probe  
Show
View Real Time Build Order
Export as new Build Order

Magnus Terran - Winner!

Build Orders:  

Get SALT Encoding   

  12  0:01  SCV  
  13  0:17  Supply Depot  
  13  0:21  SCV  
  14  0:33  SCV  
  15  0:46  Supply Depot  
  15  0:48  SCV  
  16  0:52  Refinery  
  16  1:00  SCV  
  17  1:05  Barracks  
  17  1:12  SCV  
  18  1:32  SCV  
  19  1:44  SCV  
  20  1:54  Barracks  
  20  1:56  SCV  
  21  2:10  Barracks Reactor  
  21  2:22  Supply Depot  
  21  2:44  Barracks Reactor, Supply Depot  
  21  2:50  Marine x2  
  23  2:51  Barracks  
  23  3:04  SCV  
  24  3:08  Marine x2  
  24  3:10  Command Center  
  25  3:26  Marine x2  
  25  3:43  Marine x2  
  25  3:44  Marine x2  
  27  4:01  Marine x2  
  29  4:19  Marine  
  30  4:38  Marine x2  
  30  4:39  Marine  
  33  4:56  Marine x2  
  35  5:04  Marine x2  
  37  5:14  Marine  
  38  5:48  Marine  
  38  5:49  Marine  
  38  5:51  Marine  
  38  5:52  Marine  
  34  6:06  Marine  
  34  6:07  Marine x2  
  34  6:09  Marine  
  38  6:40  Marine  
  38  6:41  Marine  
  38  6:42  Marine  
  38  6:43  Marine x2  
  35  6:58  Marine  
  35  6:59  Marine  
  35  7:00  Marine  
  38  7:34  Marine  
  38  7:54  Marine  
  38  8:00  Marine  
  38  8:08  Marine  
  38  8:12  Marine  
  38  8:13  Marine  
  38  8:14  Marine  
  38  8:18  Marine  
  34  8:26  Marine  
  30  8:27  Supply Depot  
  30  8:30  Marine  
  30  8:31  Marine  
  30  8:32  Marine  
  30  8:48  Marine  
  30  8:50  Supply Depot  
  31  9:11  Marine x5  
  35  9:29  Marine x3  
  38  9:37  Marine x2  
  38  9:47  Marine x3  
  27  9:55  Marine x2  
  29  10:05  Marine x3  
  32  10:13  Marine x2  
  29  10:23  Marine x3  
  32  10:31  Marine x2  
  33  10:40  Marine x3  
  36  10:58  Marine  
  29  13:23  Command Center  
  29  14:35  Marine x2  
  31  14:52  Marine x2  
  33  15:01  SCV  
  34  15:10  Marine  
  34  15:13  SCV  
  36  15:25  SCV  
Tags
 
Add a new tag
Caveats
  • Supply blocks, unpowered buildings, or Contaminate may cause inaccurate times.
  • Supply counts are checked every 10 seconds.